 Dungeon Crawl Stone Soup version 0.19.1-1-g22dce08 (webtiles) character file.

1540 galech the Basher (level 8, 0/130 HPs)
             Began as an Ogre Berserker on Jan 6, 2017.
             Was a Priest of Trog.
             Slain by a wight
             ... wielding a +0 battleaxe
              (10 damage)
             ... on level 5 of the Dungeon.
             The game lasted 00:14:23 (7191 turns).

galech the Basher (Ogre Berserker)                  Turns: 7191, Time: 00:14:24

Health: 0/130      AC: 11    Str: 30    XL:     8   Next: 86%
Magic:  8/8        EV: 11    Int:  6    God:    Trog [***...]
Gold:   309        SH:  0    Dex:  9    Spells: 0 memorised, 7 levels left

rFire  . . .     SeeInvis .     p - +0 morningstar
rCold  . . .     Gourm    .     b - +0 animal skin
rNeg   . . .     Faith    .     (no shield)
rPois  .         Spirit   .     (helmet restricted)
rElec  .         Reflect  .     w - +2 cloak {MR+}
rCorr  .         Harm     .     (gloves unavailable)
MR     +....                    (boots unavailable)
Stlth  ..........               i - amulet of magic regeneration
                                t - ring of flight
                                k - +5 ring of protection

@: berserking, heavily drained, very quick
A: unfitting armour, tough skin 1
a: Berserk, Trog's Hand, Burn Spellbooks, Renounce Religion, Evoke Flight


You were on level 5 of the Dungeon.
You worshipped Trog.
Trog was most pleased with you.
You were hungry.

You visited 1 branch of the dungeon, and saw 6 of its levels.

You collected 309 gold pieces.

Inventory:

Hand Weapons
 p - a +0 morningstar (weapon)
Missiles
 A - 3 poisoned javelins (quivered)
Armour
 b - a +0 animal skin (worn)
 w - a +2 cloak of magic resistance (worn)
Jewellery
 i - an amulet of magic regeneration (around neck)
 k - a +5 ring of protection (left hand)
 t - a ring of flight (right hand)
 C - a +4 ring of intelligence {unknown}
Wands
 o - a wand of paralysis (14/24)
 x - a wand of flame (32/48)
 B - a wand of enslavement (20/24)
Scrolls
 d - a scroll of immolation
 e - 3 scrolls of fear {unknown}
 f - a scroll of identify
 h - 3 scrolls of teleportation {unknown}
 j - 2 scrolls of magic mapping {unknown}
 l - a scroll of random uselessness {unknown}
 v - a scroll of blinking {unknown}
 y - a scroll of noise {unknown}
Potions
 g - a potion of berserk rage {unknown}
 m - 3 potions of magic
 n - a potion of lignification {unknown}
 s - a potion of might {unknown}
 u - a potion of flight {unknown}
 z - a potion of cure mutation {unknown}
Books
 a - a book of Misfortune

   Spells                             Type                      Level
   a - Confusing Touch                Hexes                        1
   b - Confuse                        Hexes                        3
   c - Gell's Gravitas                Hexes/Translocation          3
   d - Petrify                        Transmutation/Earth          4
   e - Metabolic Englaciation         Hexes/Ice                    5
   f - Yara's Violent Unravelling     Hexes/Transmutation          5
   Trog disapproves of the use of such an item.
Comestibles
 c - 5 bread rations
 r - 2 meat rations
 D - a slice of pizza


   Skills:
 + Level 7.4(5.2) Fighting
 + Level 10.7(8.3) Maces & Flails
 + Level 5.6(3.5) Dodging
 + Level 1.4(0.0) Stealth


You had 7 spell levels left.
You didn't know any spells.

Dungeon Overview and Level Annotations

Branches:
Dungeon (6/15)
 Temple: D:4-7

Altars:
Fedhas
Sif Muna

Annotations:
D:6 theAP's ghost, novice HOFi


Innate Abilities, Weirdness & Mutations

You are too large for most types of armour.
You have tough skin. (AC +1)


Message History

You are too injured to fight recklessly!
The wight hits you with an enchanted morningstar!
* * * LOW HITPOINT WARNING * * *
There is an open door here.
A red film seems to cover your vision as you go berserk!
You feel yourself moving faster!
You feel mighty!
You are feeling hungry.
The wight barely misses you.
You are too injured to fight recklessly!
You are too injured to fight recklessly!
You closely miss the wight.
The wight is heavily damaged.
The wight hits you but does no damage.
You barely miss the wight.
The wight is heavily damaged.
The wight misses you.
You closely miss the wight.
The wight is heavily damaged.
The wight hits you with a battleaxe!
You die...

#...........
#.....######
#.....+.....
#.....#..... #####
###....<##...#
#...###....#'###...#
#.....#....#.......#
#.....#....#.......#
#..@z.#....#####.###
#...z.#.......##.#..
#.....'.......#..#..
#.....#.......#>.#..
#.....#.......#..#..
##'##.#.......####..
#..#####.>.........#
#..# #...........'
#..# #...........#


You could see 2 wights.

Vanquished Creatures
  The ghost of markt42 the Cleaver, a novice MiFi (D:4)
  Prince Ribbit (D:6)
  A water moccasin (D:5)
  An orc warrior (D:6)
  An ice beast (D:5)
  A phantom (D:4)
  A bullfrog (D:6)
  A scorpion (D:5)
  A wight (D:6)
  A bullfrog zombie (D:6)
  2 orc priests (D:3)
  Crazy Yiuf (D:5)
  An orc wizard (D:3)
  4 worker ants
  7 adders
  7 gnolls
  A dart slug (D:3)
  2 worms
  4 leopard geckos
  16 orcs
  4 giant cockroaches (D:2)
  9 goblins
  6 hobgoblins
  13 jackals
  3 quokkas
  2 ball pythons
  4 bats (D:3)
  4 frilled lizards
  3 kobolds
  A quokka skeleton (D:5)
  7 rats
111 creatures vanquished.

Notes
Turn   | Place    | Note
-------+----------+-------------------------------------------
     0 | D:1      | galech the Ogre Berserker began the quest for the Orb.
     0 | D:1      | Reached XP level 1. HP: 24/24 MP: 1/1
   260 | D:1      | Reached XP level 2. HP: 17/32 MP: 2/2
  1143 | D:2      | Found a blossoming altar of Fedhas.
  1151 | D:1      | Reached XP level 3. HP: 38/40 MP: 3/3
  1577 | D:2      | Reached skill level 5 in Maces & Flails
  1652 | D:2      | Reached ** piety under Trog
  2100 | D:3      | Reached XP level 4. HP: 43/49 MP: 4/4
  2390 | D:3      | Reached skill level 5 in Fighting
  2390 | D:3      | Reached skill level 6 in Maces & Flails
  2390 | D:3      | Reached XP level 5. HP: 13/57 MP: 5/5
  3035 | D:3      | HP: 2/57 [orc wizard/puff of frost (3)]
  3638 | D:3      | Reached XP level 6. HP: 65/66 MP: 6/6
  3928 | D:4      | Noticed markt42's ghost (novice MiFi)
  4182 | D:4      | Found a deep blue altar of Sif Muna.
  4227 | D:4      | Reached *** piety under Trog
  4364 | D:4      | Noticed a phantom
  4395 | D:4      | Killed a phantom
  4395 | D:4      | Reached skill level 7 in Maces & Flails
  4494 | D:5      | Entered Level 5 of the Dungeon
  4722 | D:5      | Noticed an ice beast
  4746 | D:5      | Killed an ice beast
  4746 | D:5      | Reached XP level 7. HP: 58/74 MP: 7/7
  4922 | D:5      | Found a runed door.
  4926 | D:5      | Noticed Crazy Yiuf
  4932 | D:5      | Killed Crazy Yiuf
  5292 | D:5      | Received a gift from Trog
  5292 | D:5      | Reached skill level 8 in Maces & Flails
  5292 | D:5      | Reached skill level 1 in Stealth
  5859 | D:6      | Reached skill level 9 in Maces & Flails
  5863 | D:6      | Noticed theAP's ghost (novice HOFi)
  5942 | D:4      | Killed markt42's ghost
  5942 | D:4      | Reached skill level 10 in Maces & Flails
  5942 | D:4      | Reached skill level 5 in Dodging
  5942 | D:4      | Reached XP level 8. HP: 84/84 MP: 8/8
  6896 | D:6      | Noticed Prince Ribbit
  6904 | D:6      | Killed Prince Ribbit
  7181 | D:5      | HP: 4/87 [wight/enchanted morningstar (12)]
  7191 | D:5      | Slain by a wight

Skill      XL: |  1  2  3  4  5  6  7  8 |
---------------+-------------------------+-----
Dodging        | 3 4 5 |  5.6
Maces & Flails | 5 6 7 10 | 10.7
Fighting       | 5 6 7 |  7.4
Stealth        | 1 |  1.4

Action                   |  1- 3 |  4- 6 |  7- 9 || total
-------------------------+-------+-------+-------++-------
Melee: Mace              |   154 |   118 |       ||   272
       Morningstar       |       |    90 |   164 ||   254
Invok: Berserk           |       |       |     2 ||     2
  Use: Scroll            |       |     4 |       ||     4
  Eat: Chunk             |     4 |     8 |     8 ||    20
       Pizza             |       |       |     1 ||     1
Armor: Animal skin       |    75 |    84 |    65 ||   224
Dodge: Dodged            |   100 |   129 |   118 ||   347
